General information
			
			
        
        - name: BNet
 
        - type: Ladder 1vs1/FFA
 
        - host: Battle.net
 
        - saver: DirtMcGirt
 
        
map: TidewaterGlades 
        - players: 2
 
        - length: 05:18
 
        - speed: Fast
 - version: 1.22 W3XP
 - replay type:  Public
 
» download(15 KB)
Players
        team 1 (winner) 
              
              
» 
DirtMcGirt (
purple | 58 APM | 307 actions | 05:18)
              
 1 Death Knight 
 1 Death Coil
 
                » actions 
                
                | Assign group hotkey | 2 |  | 
| Basic commands | 1 |  | 
| Build / train | 15 |  | 
| Enter build submenu | 7 |  | 
| Enter hero's abilities submenu | 1 |  | 
| Right click | 192 |  | 
| Select / deselect | 65 |  | 
| Select group hotkey | 10 |  | 
| Use ability | 14 |  | 
                307 total
 » units 
                » buildings
                
                | Altar of Darkness | 1 |  | 
| Crypt | 1 |  | 
| Ziggurat | 3 |  | 
| Tomb of Relics | 1 |  | 
| Nerubian Tower | 1 |  | 
| Graveyard | 1 |  | 
| Halls of the Dead | 2 |  | 
                10 total
 » build order
                00:11 Altar of Darkness
00:17 Crypt
00:38 Ziggurat
00:56 Ziggurat
01:18 Tomb of Relics
01:29 Nerubian Tower
02:24 Graveyard
03:56 Halls of the Dead
03:56 Halls of the Dead
04:00 Ziggurat
» items
                
                | Rod of Necromancy | 1 |  | 
| Dust of Appearance | 1 |  | 
                2 total
  
               team 2 (loser) 
              
              
ymanymanhk (
pink | 78 APM | 408 actions | 05:14)
              
 1 Blademaster 
 1 Wind Walk
 
                » actions 
                
                | Assign group hotkey | 2 |  | 
| Build / train | 16 |  | 
| Enter build submenu | 9 |  | 
| Enter hero's abilities submenu | 1 |  | 
| Remove unit from queue | 1 |  | 
| Right click | 144 |  | 
| Select / deselect | 108 |  | 
| Select group hotkey | 109 |  | 
| Use ability | 18 |  | 
                408 total
 » units 
                » buildings
                
                | Orc Burrow | 2 |  | 
| Altar of Storms | 1 |  | 
| Barracks | 1 |  | 
| War Mill | 1 |  | 
| Watch Tower | 3 |  | 
                8 total
 » build order
                00:08 Orc Burrow
00:10 Altar of Storms
01:08 Barracks
01:32 Orc Burrow
02:26 War Mill
04:29 Watch Tower
04:48 Watch Tower
04:54 Watch Tower
 
                Chat log
          (00:24 / All) DirtMcGirt: \gl hf
(00:28 / All) ymanymanhk: ><
(03:44 / All) DirtMcGirt: aha!
(05:11 / All) ymanymanhk: gg